| TOP OF THE 1ST |
|
Kelowna Heat batting - Pitching for Tijuana Toros : LHP Antonio Sandoval
|
|
Pitching: LHP Antonio Sandoval
|
|
|
Now in RF: Luis Diaz
|
|
|
Batting: RHB Adrian Franz
|
0-0: Ball 1-0: Fly out, F9 (Line Drive, 89D, EV 91.9 MPH)
|
|
Batting: RHB Tsugio Yamaguchi
|
0-0: Called Strike 0-1: Ball 1-1: Ball 2-1: Foul Ball, location: 2F 2-2: Foul Ball, location: 2F 2-2: Foul Ball, location: 2F 2-2: Foul Ball, location: 2F 2-2: Ball 3-2: Hit by Pitch
|
|
Batting: RHB Armando Ramirez
|
0-0: Ball 1-0: Ball 2-0: Grounds into double play, 5-4-3 (Groundball, 5, EV 94.4 MPH)
|
| Top of the 1st over - 0 runs, 0 hits, 0 errors, 0 left on base; Kelowna 0 - Tijuana 0 |
| BOTTOM OF THE 1ST |
|
Tijuana Toros batting - Pitching for Kelowna Heat : RHP Pablo Mejia
|
|
Pitching: RHP Pablo Mejia
|
|
|
Batting: SHB Erick Hamburger
|
0-0: Ball 1-0: Swinging Strike 1-1: Foul Ball, location: 2F 1-2: Strikes out looking
|
|
Batting: RHB Guo Kwok
|
0-0: Foul Ball, location: 2F 0-1: Ball 1-1: Ball 2-1: Called Strike 2-2: Strikes out looking
|
|
Batting: RHB Shiki Nomoto
|
0-0: Swinging Strike 0-1: Ground out 6-3 (Groundball, 6M, EV 101.9 MPH)
|
| Bottom of the 1st over - 0 runs, 0 hits, 0 errors, 0 left on base; Kelowna 0 - Tijuana 0 |
| TOP OF THE 2ND |
|
Kelowna Heat batting - Pitching for Tijuana Toros : LHP Antonio Sandoval
|
|
Batting: LHB Oscar Tamayo
|
0-0: Ball 1-0: Foul Ball, location: 2F 1-1: Ball 2-1: Foul Ball, location: 2F 2-2: Ball 3-2: Ground out 3-1 (Groundball, 34, EV 103.1 MPH)
|
|
Batting: RHB Mike Storey
|
0-0: Foul Ball, location: 2F 0-1: Ball 1-1: Foul Ball, location: 2F 1-2: Ball 2-2: Ball 3-2: Base on Balls
|
|
Batting: LHB Dennis Jones
|
0-0: Called Strike 0-1: Ball 1-1: Called Strike 1-2: Foul Ball, location: 2F 1-2: Foul Ball, location: 2F 1-2: SINGLE (Groundball, 6MD, EV 93.8 MPH) Mike Storey to second
|
|
Batting: RHB Matt Wallace
|
0-0: Ball 1-0: DOUBLE (Flyball, 8RXD, EV 97.5 MPH) Mike Storey scores Dennis Jones to third
|
|
Batting: RHB Soichi Kaneshiro
|
0-0: Ball 1-0: Ball 2-0: Foul Ball, location: 2F 2-1: Swinging Strike 2-2: Strikes out swinging
|
|
Batting: RHB Sean Gilbert
|
0-0: Called Strike 0-1: Foul Ball, location: 2F 0-2: Foul Ball, location: 2F 0-2: Ball 1-2: Strikes out swinging
|
| Top of the 2nd over - 1 run, 2 hits, 0 errors, 2 left on base; Kelowna 1 - Tijuana 0 |
| BOTTOM OF THE 2ND |
|
Tijuana Toros batting - Pitching for Kelowna Heat : RHP Pablo Mejia
|
|
Batting: RHB Tan-ming Kwan
|
0-0: Fly out, F9 (Line Drive, 9, EV 95.0 MPH)
|
|
Batting: RHB Jerry Afghani
|
0-0: Foul Ball, location: 2F 0-1: Ball 1-1: Swinging Strike 1-2: Foul Ball, location: 3F, Error on foul ball, E3 1-2: Ball 2-2: Foul Ball, location: 2F 2-2: Ball 3-2: Ground out U3 (Groundball, 3, EV 85.0 MPH)
|
|
Batting: RHB Yok-sing Zhào
|
0-0: Called Strike 0-1: Foul Ball, location: 2F 0-2: Ball 1-2: Strikes out swinging
|
| Bottom of the 2nd over - 0 runs, 0 hits, 1 error, 0 left on base; Kelowna 1 - Tijuana 0 |
| TOP OF THE 3RD |
|
Kelowna Heat batting - Pitching for Tijuana Toros : LHP Antonio Sandoval
|
|
Batting: RHB Adrian Franz
|
0-0: Ball 1-0: Foul Ball, location: 2F 1-1: Ball 2-1: Ball 3-1: Base on Balls
|
|
Batting: RHB Tsugio Yamaguchi
|
0-0: SINGLE (Groundball, 4S, EV 65.0 MPH) (infield hit) Adrian Franz to second
|
|
Batting: RHB Armando Ramirez
|
0-0: Ball 1-0: Foul Ball, location: 2F 1-1: Foul Ball, location: 2F 1-2: Strikes out swinging
|
|
Batting: LHB Oscar Tamayo
|
0-0: Swinging Strike 0-1: Foul Ball, location: 2F 0-2: Fly out, F8 (Flyball, 8RXD, EV 81.2 MPH) Runner from 2nd tags up, SAFE at 3rd, no throw by CF
|
|
Batting: RHB Mike Storey
|
0-0: Ball 1-0: Ball 2-0: Ball 3-0: Base on Balls Tsugio Yamaguchi to second
|
|
Batting: LHB Dennis Jones
|
0-0: Ball Wild Pitch! Adrian Franz scores Tsugio Yamaguchi to third Mike Storey to second 1-0: Ball 2-0: Foul Ball, location: 2F 2-1: Called Strike 2-2: SINGLE (Line Drive, 4D, EV 99.4 MPH) Tsugio Yamaguchi scores Mike Storey to third Runner from 3rd tries for Home, throw by RF and OUT! 9-2
|
| Top of the 3rd over - 2 runs, 2 hits, 0 errors, 1 left on base; Kelowna 3 - Tijuana 0 |
| BOTTOM OF THE 3RD |
|
Tijuana Toros batting - Pitching for Kelowna Heat : RHP Pablo Mejia
|
|
Batting: RHB Clay Holgate
|
0-0: SINGLE (Groundball, 3D, EV 95.6 MPH)
|
|
Batting: RHB Gaylord Wray
|
0-0: Called Strike 0-1: Swinging Strike 0-2: Strikes out swinging
|
|
Batting: SHB Luis Diaz
|
0-0: Foul Ball, location: 2F 0-1: Called Strike Clay Holgate steals 2nd, throwing error, E2 Clay Holgate to third 0-2: Strikes out swinging
|
|
Batting: SHB Erick Hamburger
|
0-0: Ball 1-0: Ball 2-0: Called Strike 2-1: Ball 3-1: Foul Ball, location: 2F 3-2: Base on Balls
|
|
Batting: RHB Guo Kwok
|
0-0: Fielders Choice at 2nd, 6-4 (Groundball, 6, EV 91.9 MPH)
|
| Bottom of the 3rd over - 0 runs, 1 hit, 1 error, 2 left on base; Kelowna 3 - Tijuana 0 |
| TOP OF THE 4TH |
|
Kelowna Heat batting - Pitching for Tijuana Toros : LHP Antonio Sandoval
|
|
Batting: RHB Matt Wallace
|
0-0: Foul Ball, location: 2F 0-1: Foul Ball, location: 2F 0-2: Ball 1-2: Strikes out swinging
|
|
Batting: RHB Soichi Kaneshiro
|
0-0: Called Strike 0-1: Swinging Strike 0-2: Foul Ball, location: 2F 0-2: Ball 1-2: Strikes out swinging
|
|
Batting: RHB Sean Gilbert
|
0-0: Called Strike 0-1: Ball 1-1: Called Strike 1-2: Strikes out swinging
|
| Top of the 4th over - 0 runs, 0 hits, 0 errors, 0 left on base; Kelowna 3 - Tijuana 0 |
| BOTTOM OF THE 4TH |
|
Tijuana Toros batting - Pitching for Kelowna Heat : RHP Pablo Mejia
|
|
Batting: RHB Shiki Nomoto
|
0-0: Called Strike 0-1: Called Strike 0-2: Ball 1-2: Foul Ball, location: 2F 1-2: Foul Ball, location: 2F 1-2: Ball 2-2: Ball 3-2: Strikes out swinging
|
|
Batting: RHB Tan-ming Kwan
|
0-0: Ground out 4-3 (Groundball, 4, EV 83.8 MPH)
|
|
Batting: RHB Jerry Afghani
|
0-0: Ball 1-0: Ground out 6-3 (Groundball, 6, EV 110.0 MPH)
|
| Bottom of the 4th over - 0 runs, 0 hits, 0 errors, 0 left on base; Kelowna 3 - Tijuana 0 |
| TOP OF THE 5TH |
|
Kelowna Heat batting - Pitching for Tijuana Toros : LHP Antonio Sandoval
|
|
Batting: RHB Adrian Franz
|
0-0: Swinging Strike 0-1: Swinging Strike 0-2: Fly out, F7 (Flyball, 7, EV 91.9 MPH)
|
|
Batting: RHB Tsugio Yamaguchi
|
0-0: Foul Ball, location: 2F 0-1: Swinging Strike 0-2: Ball 1-2: Foul Ball, location: 2F 1-2: Fly out, F7 (Flyball, 78S, EV 91.2 MPH)
|
|
Batting: RHB Armando Ramirez
|
0-0: Foul Ball, location: 2F 0-1: Called Strike 0-2: SOLO HOME RUN (Flyball, 7D, EV 94.4 MPH), Distance : 383 ft
|
|
Batting: LHB Oscar Tamayo
|
0-0: Swinging Strike 0-1: Ball 1-1: Swinging Strike 1-2: Foul Ball, location: 2F 1-2: Strikes out swinging
|
| Top of the 5th over - 1 run, 1 hit, 0 errors, 0 left on base; Kelowna 4 - Tijuana 0 |
| BOTTOM OF THE 5TH |
|
Tijuana Toros batting - Pitching for Kelowna Heat : RHP Pablo Mejia
|
|
Batting: RHB Yok-sing Zhào
|
0-0: Ball 1-0: Ball 2-0: Ball 3-0: Called Strike 3-1: Swinging Strike 3-2: Foul Ball, location: 2F 3-2: Strikes out swinging
|
|
Batting: RHB Clay Holgate
|
0-0: SOLO HOME RUN (Flyball, 9D, EV 95.0 MPH), Distance : 362 ft
|
|
Batting: RHB Gaylord Wray
|
0-0: Ball 1-0: Foul Ball, location: 2F 1-1: Called Strike 1-2: Ball 2-2: Foul Ball, location: 2F 2-2: Foul Ball, location: 2F 2-2: Reached on error, E9 (Flyball, 89M, EV 93.1 MPH)
|
|
Batting: SHB Luis Diaz
|
0-0: Ball 1-0: Foul Ball, location: 2F 1-1: Swinging Strike 1-2: Ball 2-2: Ball 3-2: Strikes out swinging Gaylord Wray is caught stealing 2nd base 2-6 Batter strikes out.
|
| Bottom of the 5th over - 1 run, 1 hit, 1 error, 0 left on base; Kelowna 4 - Tijuana 1 |
| TOP OF THE 6TH |
|
Kelowna Heat batting - Pitching for Tijuana Toros : LHP Antonio Sandoval
|
|
Batting: RHB Mike Storey
|
0-0: Called Strike 0-1: Ball 1-1: Ball 2-1: Ball 3-1: Base on Balls
|
|
Pitching: RHP Karl Sullivan
|
|
|
Batting: LHB Dennis Jones
|
0-0: Ball 1-0: Ball 2-0: Ball 3-0: Called Strike 3-1: Called Strike 3-2: Strikes out swinging
|
|
Batting: RHB Matt Wallace
|
0-0: Ball Mike Storey steals 2nd, throwing error, E2 Mike Storey to third 1-0: SINGLE (Line Drive, 4MD, EV 102.5 MPH) Mike Storey scores
|
|
Batting: RHB Soichi Kaneshiro
|
0-0: Ball 1-0: Ball Matt Wallace steals 2nd base 2-0: Ball 3-0: Called Strike 3-1: Ground out 4-3 (Groundball, 4, EV 95.6 MPH) Matt Wallace to third
|
|
Batting: RHB Sean Gilbert
|
0-0: Ball 1-0: Called Strike 1-1: Ball 2-1: Ball 3-1: Swinging Strike 3-2: Foul Ball, location: 2F 3-2: Strikes out swinging
|
| Top of the 6th over - 1 run, 1 hit, 1 error, 1 left on base; Kelowna 5 - Tijuana 1 |
| BOTTOM OF THE 6TH |
|
Tijuana Toros batting - Pitching for Kelowna Heat : RHP Pablo Mejia
|
|
Batting: SHB Erick Hamburger
|
0-0: Called Strike 0-1: Ball 1-1: DOUBLE (Line Drive, 7LS, EV 100.0 MPH)
|
|
Batting: RHB Guo Kwok
|
0-0: Swinging Strike 0-1: Fly out, F9 (Flyball, 9, EV 93.1 MPH)
|
|
Batting: RHB Shiki Nomoto
|
0-0: Foul Ball, location: 2F 0-1: Swinging Strike 0-2: Foul Ball, location: 2F 0-2: Ball 1-2: Strikes out swinging
|
|
Batting: RHB Tan-ming Kwan
|
0-0: Swinging Strike 0-1: Foul Ball, location: 2F 0-2: Foul Ball, location: 2F 0-2: Strikes out swinging
|
| Bottom of the 6th over - 0 runs, 1 hit, 0 errors, 1 left on base; Kelowna 5 - Tijuana 1 |
| TOP OF THE 7TH |
|
Kelowna Heat batting - Pitching for Tijuana Toros : RHP Karl Sullivan
|
|
Batting: RHB Adrian Franz
|
0-0: Ball 1-0: Foul Ball, location: 2F 1-1: Ball 2-1: Ball 3-1: Base on Balls
|
|
Batting: RHB Tsugio Yamaguchi
|
0-0: Foul Ball, location: 2F 0-1: Ball 1-1: Fly out, F7 (Flyball, 7D, EV 86.9 MPH)
|
|
Batting: RHB Armando Ramirez
|
0-0: Swinging Strike 0-1: Swinging Strike 0-2: Ball 1-2: Fielders Choice at 2nd, 6-4 (Groundball, 6, EV 96.9 MPH)
|
|
Pitching: RHP Matt Radovich
|
|
|
Batting: LHB Oscar Tamayo
|
0-0: Ball 1-0: Ball 2-0: Ball 3-0: Base on Balls Armando Ramirez to second
|
|
Batting: RHB Mike Storey
|
0-0: Ball 1-0: Called Strike 1-1: Ball 2-1: Fly out, F6 (Line Drive, 6, EV 66.9 MPH)
|
| Top of the 7th over - 0 runs, 0 hits, 0 errors, 2 left on base; Kelowna 5 - Tijuana 1 |
| BOTTOM OF THE 7TH |
|
Tijuana Toros batting - Pitching for Kelowna Heat : RHP Pablo Mejia
|
|
Now at 2B: Glen Limeburner
|
|
|
Batting: RHB Jerry Afghani
|
0-0: Ground out 6-3 (Groundball, 6M, EV 98.8 MPH)
|
|
Pitching: LHP Ricky Coats
|
|
|
Batting: RHB Yok-sing Zhào
|
0-0: Ball 1-0: Ball 2-0: Fly out, F9 (Flyball, 89D, EV 92.5 MPH)
|
|
Batting: RHB Clay Holgate
|
0-0: Ball 1-0: Ball 2-0: Fly out, F8 (Flyball, 8LXD, EV 98.8 MPH)
|
| Bottom of the 7th over - 0 runs, 0 hits, 0 errors, 0 left on base; Kelowna 5 - Tijuana 1 |
| TOP OF THE 8TH |
|
Kelowna Heat batting - Pitching for Tijuana Toros : RHP Matt Radovich
|
|
Batting: LHB Dennis Jones
|
0-0: Ball 1-0: Ball 2-0: Called Strike 2-1: Foul Ball, location: 2F 2-2: Foul Ball, location: 2F 2-2: Ball 3-2: Base on Balls
|
|
Pitching: RHP Chris Moody
|
|
|
Batting: RHB Matt Wallace
|
0-0: Ball 1-0: Ball 2-0: Swinging Strike 2-1: Ball 3-1: Foul Ball, location: 2F 3-2: Strikes out swinging
|
|
Batting: RHB Soichi Kaneshiro
|
0-0: Reached on error, E4 (Groundball, 4, EV 93.1 MPH) Dennis Jones to second
|
|
Batting: RHB Sean Gilbert
|
0-0: Ball 1-0: Foul Ball, location: 2F 1-1: Swinging Strike 1-2: Foul Ball, location: 2F 1-2: Foul Ball, location: 2F 1-2: Grounds into double play, 5-4-3 (Groundball, 56, EV 92.5 MPH)
|
| Top of the 8th over - 0 runs, 0 hits, 1 error, 1 left on base; Kelowna 5 - Tijuana 1 |
| BOTTOM OF THE 8TH |
|
Tijuana Toros batting - Pitching for Kelowna Heat : LHP Ricky Coats
|
|
Batting: RHB Gaylord Wray
|
0-0: SINGLE (Line Drive, 7S, EV 89.4 MPH)
|
|
Batting: SHB Luis Diaz
|
0-0: SINGLE (Groundball, 3D, EV 104.4 MPH) Gaylord Wray to second Runner from 2nd tries for 3rd, SAFE, no throw by RF
|
|
Batting: SHB Erick Hamburger
|
0-0: Ball 1-0: Swinging Strike 1-1: Foul Ball, location: 2F 1-2: Ball 2-2: SINGLE (Flyball, 78S, EV 95.0 MPH) Gaylord Wray scores Luis Diaz to second
|
|
Batting: RHB Guo Kwok
|
0-0: Ball 1-0: Called Strike 1-1: Called Strike 1-2: Ball 2-2: Foul Ball, location: 2F 2-2: Ball 3-2: Base on Balls Luis Diaz to third Erick Hamburger to second
|
|
Pitching: RHP Josh Henderson
|
|
|
Pinch Hitting: RHB John Hanson
|
0-0: Called Strike 0-1: Foul Ball, location: 2F 0-2: Ball 1-2: Ball 2-2: Ball 3-2: GRAND SLAM HOME RUN (Line Drive, 7LD, EV 96.9 MPH), Distance : 386 ft
|
|
Batting: RHB Tan-ming Kwan
|
0-0: Fly out, F9 (Flyball, 9D, EV 98.8 MPH)
|
|
Batting: RHB Jerry Afghani
|
0-0: Ball 1-0: Swinging Strike 1-1: Ball 2-1: SINGLE (Line Drive, 6D, EV 106.2 MPH)
|
|
Batting: RHB Yok-sing Zhào
|
0-0: Ball Jerry Afghani steals 2nd base 1-0: Intentional Walk
|
|
Batting: RHB Will Barksdale
|
0-0: SINGLE (Groundball, 56D, EV 95.0 MPH) Jerry Afghani to third Yok-sing Zhào to second Runner from 3rd tries for Home, throw by LF and OUT! 7-2
|
|
Batting: RHB Gaylord Wray
|
0-0: Ball 1-0: Hit by Pitch Yok-sing Zhào to third Will Barksdale to second
|
|
Batting: SHB Luis Diaz
|
0-0: Ball 1-0: Ball 2-0: Called Strike 2-1: Ball 3-1: SINGLE (Line Drive, 6D, EV 98.8 MPH) Yok-sing Zhào scores Will Barksdale to third Gaylord Wray to second Runner from 3rd tries for Home, SAFE, throw by LF to home
|
|
Batting: SHB Erick Hamburger
|
0-0: Ball 1-0: Swinging Strike 1-1: Foul Ball, location: 2F 1-2: Foul Ball, location: 2F 1-2: Strikes out swinging
|
| Bottom of the 8th over - 7 runs, 7 hits, 0 errors, 2 left on base; Kelowna 5 - Tijuana 8 |
| TOP OF THE 9TH |
|
Kelowna Heat batting - Pitching for Tijuana Toros : RHP Chris Moody
|
|
Pitching: RHP Bill Dyck
|
|
|
Now at 2B: Tony Vasquez
|
|
|
Pinch Hitting: LHB Adrian Navarro
|
0-0: Called Strike 0-1: Foul Ball, location: 2F 0-2: Foul Ball, location: 2F 0-2: Foul Ball, location: 2F 0-2: Ball 1-2: Foul Ball, location: 2F 1-2: Ground out 1-3 (Groundball, 15S, EV 68.8 MPH)
|
|
Batting: RHB Tsugio Yamaguchi
|
0-0: Ball 1-0: SINGLE (Groundball, 34D, EV 99.4 MPH)
|
|
Batting: RHB Armando Ramirez
|
0-0: Called Strike 0-1: Ball Wild Pitch! Tsugio Yamaguchi to second 1-1: Foul Ball, location: 2F 1-2: Foul Ball, location: 2F 1-2: SINGLE (Groundball, 34D, EV 103.8 MPH) Tsugio Yamaguchi to third
|
|
Batting: LHB Oscar Tamayo
|
0-0: Called Strike 0-1: Fly out, F7 (Line Drive, 7, EV 96.9 MPH)
|
|
Batting: RHB Mike Storey
|
0-0: Swinging Strike 0-1: Ball 1-1: Foul Ball, location: 2F 1-2: Foul Ball, location: 2F 1-2: Ball Wild Pitch! Tsugio Yamaguchi scores Armando Ramirez to second 2-2: Foul Ball, location: 2F 2-2: Ball 3-2: Base on Balls
|
|
Batting: LHB Dennis Jones
|
0-0: Called Strike 0-1: Swinging Strike 0-2: Ball 1-2: Foul Ball, location: 2F 1-2: Ball 2-2: Foul Ball, location: 2F 2-2: Foul Ball, location: 2F 2-2: Foul Ball, location: 2F 2-2: Ball 3-2: Ground out 4-3 (Groundball, 4M, EV 100.0 MPH)
|
| Top of the 9th over - 1 run, 2 hits, 0 errors, 2 left on base; Kelowna 6 - Tijuana 8 |
|